 Dungeon Crawl Stone Soup version 0.29.1-13-g9f3cf754e1 (webtiles) character file.

Game seed: 15920269180167086557

981 tizbic2 the Fiendish (level 8, 0/70 HPs)
             Began as a Ghoul Monk on Jan 26, 2023.
             Was a Priest of Makhleb.
             Slain by a phantom (3 damage)
             ... on level 5 of the Dungeon.
             The game lasted 00:19:09 (3381 turns).

tizbic2 the Fiendish (Ghoul Monk)                   Turns: 3381, Time: 00:19:09

Health: 0/70       AC: 12    Str: 16 (17) XL:     8   Next: 17%
Magic:  0/11       EV:  2    Int:  2 (5)  God:    Makhleb [***...]
Gold:   230        SH:  6    Dex:  9 (11) Spells: 7/7 levels left

rFire   . . .      SeeInvis .   a - +1 spear
rCold   + . .      Faith    .   i - +0 kite shield
rNeg    + + +      Spirit   +   g - +2 plate armour
rPois   ∞          Reflect  .   (no helmet)
rElec   .          Harm     .   (no cloak)
rCorr   .          Rampage  .   (no gloves)
Will    .....                   (no boots)
Stlth   ..........              n - amulet of guardian spirit
HPRegen 0.00/turn               (no ring)
MPRegen 0.12/turn               (no ring)

@: inhibited regen
A: claws 1, cold resistance 1, negative energy resistance 3, inhibited
regeneration, torment resistance 2, devour on kill
a: Renounce Religion, Minor Destruction, Lesser Servant of Makhleb


You were on level 5 of the Dungeon.
You worshipped Makhleb.
Makhleb was most pleased with you.
You visited 1 branch of the dungeon, and saw 5 of its levels.

You collected 230 gold pieces.

Inventory:

Hand Weapons
 a - a +1 spear (weapon)
 c - a +1 dagger of venom
 p - a +0 hand axe
Missiles
 j - 4 poisoned darts
 m - 5 boomerangs
Armour
 d - a +1 ring mail of cold resistance
 g - a +2 plate armour (worn)
 i - a +0 kite shield (worn)
Jewellery
 n - an amulet of guardian spirit (around neck)
Scrolls
 l - 2 scrolls of vulnerability
 q - 2 scrolls of torment
 r - a scroll of identify
Potions
 b - 3 potions of degeneration
 e - a potion of flight
 f - 2 potions of haste
 h - 2 potions of mutation
 k - a potion of brilliance {unknown}


   Skills:
 + Level 6.0 Fighting
 + Level 5.4 Polearms
 - Level 2.6 Dodging
 - Level 2.1 Stealth
 * Level 6.4 Invocations


You had 7 spell levels left.
You didn't know any spells.
Your spell library contained the following spells:

 Spells                   Type           Power      Damage    Failure   Level
 Shock                    Conj/Air       0%         1d3       100%        1
 Ignite Poison            Fire/Tmut/Pois 0%         N/A       100%        3
 Mephitic Cloud           Conj/Pois/Air  0%         N/A       100%        3
 Swiftness                Air            0%         N/A       100%        3
 Airstrike                Air            0%         2d(0-16)  100%        4
 Freezing Cloud           Conj/Ice/Air   0%         6-21      100%        5


Dungeon Overview and Level Annotations

Branches:
Dungeon (5/15)             Temple (0/1) D:5

Altars:
Cheibriados
Gozag
Makhleb
Xom

Shops:
D:3 (

Annotations:
D:5 Prince Ribbit


Innate Abilities, Weirdness & Mutations

You are immune to poison.
You have sharp fingernails.
Your flesh is cold resistant. (rC+)
You are immune to negative energy. (rN+++)
You do not regenerate when monsters are visible.
You are immune to unholy pain and torment.
You thrive by killing the living.


Message History

The quokka is heavily wounded.
The quokka bites you but does no damage.
A demon appears!
The hound bites you.
* * * LOW HITPOINT WARNING * * *
The quokka bites you but does no damage.
The hound bites you.
* * * LOW HITPOINT WARNING * * *
The quokka bites you but does no damage.
You feel better. The hound bites you but does no damage.
You block the quokka's attack.
Your orange demon stings the quokka!
The quokka dies!
Makhleb accepts your kill.
The phantom hits you but does no damage.
You miss the hound. The hound bites you but does no damage.
You block the hound's attack.
Your orange demon stings the phantom but does no damage.
Your orange demon hits the phantom.
The phantom hits you.
* * * LOW HITPOINT WARNING * * *
The phantom blinks!
You blink.
You barely miss the phantom.
The phantom is lightly damaged.
The adder hisses angrily.
The phantom hits you but does no damage.
You barely miss the phantom.
The phantom is lightly damaged.
The adder bites you but does no damage.
Your orange demon misses the hound.
The phantom hits you but does no damage.
You hit the adder.
The adder is heavily wounded.
The adder bites you.
* * * LOW HITPOINT WARNING * * *
The phantom hits you.
* * * LOW HITPOINT WARNING * * *
The phantom blinks!
You blink.
It was a potion of degeneration.
There was something very wrong with that liquid.
You feel weakened.
You feel dopey.
You feel clumsy.
Your orange demon stings the hound from afar.
The phantom hits you.
You die...

#....#.......##..#
#....#......§§...#
##+#....'...4.......#
#........#..†..hS....#
+........#...........#
#......F.#.......##+##
.......r.#.......#
.......o.†<.....W+
.......hS#...[.@.#
.........#.......#
###'##....#.......#
.....#....#.......#
.....#....#.......#
.....#....#########.
.##..#..............
.##..#####............
.#.......#.........#.##


You could see a phantom, a hound (ally target), an adder and a friendly orange
demon (summoned).

Vanquished Creatures
  Grinder (D:3)
  A wyvern (D:4)
  A scorpion (D:5)
  2 howler monkeys
  An orc priest (D:4)
  3 hounds
  A gnoll bouda (D:4)
  3 iguanas
  2 orc wizards
  3 gnolls (D:4)
  4 adders
  3 worms
  3 dart slugs
  9 orcs
  13 ball pythons
  6 bats
  6 endoplasms
  A giant cockroach (D:2)
  11 goblins
  2 hobgoblins
  4 jackals (D:1)
  A quokka (D:3)
  2 frilled lizards (D:1)
  5 kobolds
  6 rats
94 creatures vanquished.

Vanquished Creatures (collateral kills)
  An ogre (D:4)
  A quokka (D:5)
  4 goblins (D:4)
6 creatures vanquished.

Grand Total: 100 creatures vanquished

Notes
Turn   | Place    | Note
-------+----------+-------------------------------------------
     0 | D:1      | tizbic2 the Ghoul Monk began the quest for the Orb.
     0 | D:1      | Reached XP level 1. HP: 19/19 MP: 0/0
   215 | D:1      | Reached XP level 2. HP: 26/26 MP: 1/1
   619 | D:1      | Reached XP level 3. HP: 33/33 MP: 2/2
   799 | D:2      | Found a burning altar of Makhleb.
   802 | D:2      | You fall into a shaft and drop 1 floor!
  1240 | D:2      | Became a worshipper of Makhleb the Destroyer
  1240 | D:2      | Reached * piety under Makhleb
  1240 | D:2      | Reached ** piety under Makhleb
  1354 | D:2      | Reached XP level 4. HP: 36/40 MP: 3/3
  1795 | D:3      | Reached skill level 1 in Invocations
  1800 | D:3      | Found a faded altar of an unknown god.
  1921 | D:3      | Reached XP level 5. HP: 44/46 MP: 5/5
  1930 | D:3      | Found Wahyijig's Weapon Boutique.
  2012 | D:3      | Noticed Grinder
  2022 | D:3      | Killed Grinder
  2023 | D:3      | Reached XP level 6. HP: 48/55 MP: 5/7
  2516 | D:4      | Reached skill level 5 in Fighting
  2522 | D:4      | HP: 2/56 [gnoll/+0 whip[a gnoll bouda] (1)]
  2725 | D:4      | Reached *** piety under Makhleb
  2726 | D:4      | Reached XP level 7. HP: 60/61 MP: 9/9
  2726 | D:4      | Found a snail-covered altar of Cheibriados.
  2731 | D:4      | Noticed a wyvern
  2739 | D:4      | Killed a wyvern
  2740 | D:4      | Reached skill level 5 in Invocations
  2834 | D:4      | Reached skill level 5 in Polearms
  2953 | D:4      | Found a shimmering altar of Xom.
  2953 | D:4      | Found an opulent altar of Gozag.
  3167 | D:5      | Entered Level 5 of the Dungeon
  3230 | D:5      | Noticed Prince Ribbit
  3261 | D:4      | Reached XP level 8. HP: 56/70 MP: 9/11
  3323 | D:5      | Found a staircase to the Ecumenical Temple.
  3380 | D:5      | HP: 3/70 [phantom (4)]
  3381 | D:5      | Slain by a phantom

Illustrated notes

Levels and vault maps discovered:
D:1:      ncdulo_lavacross, layout_loops_cross, minmay_liquid_box
D:2:      layout_basic, basic_altar
D:3:      layout_rooms, chequers_ecumenical_altar_simple_redux, serial_shops,
          nicolae_shop_bloodbath_and_beyond, hex_tiny, uniq_grinder
D:4:      layout_cave_pools, kennysheep_slug_shrine,
          nicolae_overflow_two_pavilions, minmay_ogre_servants
D:5:      layout_gridville, mainiacjoe_overflow_surrounded_room, tso_altar,
          nicolae_sif_muna_little_library, minmay_temple_entry_ruins,
          uniq_menkaure, uniq_prince_ribbit1

Skill      XL: |  1  2  3  4  5  6  7  8 |
---------------+-------------------------+-----
Polearms       | 3 4 5 |  5.4
Fighting       | 4 5 6 |  6.0
Invocations    | 2 3 4 6 |  6.4
Dodging        | |  2.6
Stealth        | |  2.1

Action                   |  1- 3 |  4- 6 |  7- 9 || total
-------------------------+-------+-------+-------++-------
Melee: Spear             |   152 |    43 |   103 ||   298
       Short sword       |       |    34 |       ||    34
       Great sword       |       |     8 |       ||     8
       Punch             |       |     1 |       ||     1
       Hand axe          |       |    24 |    11 ||    35
Throw: Dart              |       |       |     1 ||     1
Invok: Minor Destruction |     5 |    40 |    16 ||    61
       Lesser Servant of |       |       |     2 ||     2
  Use: Scroll            |     1 |     8 |     3 ||    12
       Potion            |     1 |     4 |     2 ||     7
 Stab: Sleeping          |     1 |       |       ||     1
Armor: Ring mail         |    27 |       |       ||    27
       Plate armour      |    40 |   125 |    67 ||   232
Dodge: Dodged            |    49 |    29 |    13 ||    91
Block: Kite shield       |       |    21 |    39 ||    60
